 Dungeon Crawl Stone Soup version 0.24-a0-516-g9de272bb65 (webtiles) character file.

Game seed: 9312314749499911005

81 Greboboi the Bolt Thrower (level 4, -6/38 HPs)
             Began as a Gnoll Wanderer on July 22, 2019.
             Mangled by a gnoll
             ... wielding a +0 halberd
              (15 damage)
             ... on level 3 of the Dungeon.
             The game lasted 00:03:46 (1606 turns).

Greboboi the Bolt Thrower (Gnoll Wanderer)          Turns: 1606, Time: 00:03:47

Health: -6/38      AC:  2    Str: 14    XL:     4   Next: 42%
Magic:  8/8        EV: 12    Int: 15    God:
Gold:   127        SH:  0    Dex: 15    Spells: 8/9 levels left

rFire    . . .     SeeInvis .   a - +0 hand crossbow
rCold    . . .     Gourm    .   (no shield)
rNeg     . . .     Faith    .   e - +0 robe
rPois    .         Spirit   .   (no helmet)
rElec    .         Reflect  .   (no cloak)
rCorr    .         Harm     .   (no gloves)
MR       .....                  (no boots)
Stlth    ++........             (no amulet)
HPRegen  0.12/turn              (no ring)
MPRegen  0.11/turn              (no ring)

@: no status effects
A: distributed training, fangs 1, strong nose
a: no special abilities


You were on level 3 of the Dungeon.
You were not hungry.

You visited 1 branch of the dungeon, and saw 3 of its levels.

You collected 127 gold pieces.

Inventory:

Hand Weapons
 a - a +0 hand crossbow (weapon)
 h - a +0 mace
Missiles
 c - 8 bolts (quivered)
 m - 37 arrows
Armour
 e - a +0 robe (worn)
Jewellery
 n - an uncursed ring of flight {unknown}
 q - a +4 amulet of reflection {unknown}
Scrolls
 b - a scroll of enchant armour {unknown}
 g - a scroll of noise {unknown}
 k - 2 scrolls of magic mapping {unknown}
 l - 4 scrolls of identify {unknown}
 p - 4 scrolls of remove curse {unknown}
 s - a scroll of immolation {unknown}
 t - 2 scrolls of teleportation {unknown}
Potions
 d - a potion of lignification
 i - a potion of experience {unknown}
 j - a potion of flight {unknown}
 o - 2 potions of magic {unknown}
 r - a potion of might {unknown}
Comestibles
 f - 6 rations


   Skills:
 + Level 4.6 Fighting
 + Level 1.1 Short Blades
 + Level 1.1 Long Blades
 + Level 1.1 Axes
 + Level 1.1 Maces & Flails
 + Level 1.1 Polearms
 + Level 1.1 Staves
 + Level 1.1 Slings
 + Level 1.1 Bows
 + Level 4.6 Crossbows
 + Level 1.1 Throwing
 + Level 2.7 Armour
 + Level 1.1 Dodging
 + Level 2.5 Stealth
 + Level 2.7 Shields
 + Level 1.1 Unarmed Combat
 + Level 3.0 Spellcasting
 + Level 0.8 Conjurations
 + Level 0.8 Hexes
 + Level 0.8 Charms
 + Level 0.8 Summonings
 + Level 3.8 Necromancy
 + Level 0.8 Translocations
 + Level 0.8 Transmutations
 + Level 0.8 Fire Magic
 + Level 0.8 Ice Magic
 + Level 0.8 Air Magic
 + Level 0.8 Earth Magic
 + Level 0.8 Poison Magic
 + Level 1.2 Invocations
 + Level 1.1 Evocations


You had 8 spell levels left.
You knew the following spells:

 Your Spells              Type           Power        Failure   Level  Hunger
a - Magic Dart            Conj           #...         14%         1    #......

Your spell library contained the following spells:

 Spells                   Type           Power        Failure   Level  Hunger
 Blink                    Tloc           N/A          22%         2    ##.....
 Call Imp                 Summ           #.......     22%         2    ##.....
 Slow                     Hex            #.......     22%         2    ##.....
 Conjure Flame            Conj/Fire      #.......     38%         3    ###....
 Mephitic Cloud           Conj/Pois/Air  #.......     38%         3    ###....


Dungeon Overview and Level Annotations

Branches:
Dungeon (3/15)

Altars:


Innate Abilities, Weirdness & Mutations

Your experience applies equally to all skills.
You have very sharp teeth.
Your uncanny sense of smell can sniff out nearby items.


Message History

The gnoll shouts!
The bolt hits the gnoll!
The gnoll is almost dead.
You hear a shout! x2
An orc comes into view. It is wielding a +0 flail.
The gnoll hits you from afar with a +0 halberd!
The gnoll hits you. The gnoll closely misses you.
You are too injured to fight recklessly!
You are too injured to fight recklessly!
Really attack while wielding your +0 hand crossbow?
Okay, then.
Really attack while wielding your +0 hand crossbow?
You clumsily bash the gnoll but do no damage.
You punch the gnoll.
You kill the gnoll!
Your Spellcasting skill increases to level 3!
The gnoll barely misses you. The gnoll closely misses you. The gnoll hits you!
* * * LOW HITPOINT WARNING * * *
The gnoll hits you from afar with a +0 halberd!
You die...

.............######..#
..............#
................#
..(.............####
....................
................###
................#
................#######.
...........og..g@.......
(.(((.(.......g.########
......(.........#
................#
................#
................#
................#
................#
.>.............(#


You could see 3 gnolls and an orc.

Vanquished Creatures
  A gnoll (D:3)
  An adder (D:2)
  4 oozes
  2 leopard geckos (D:1)
  5 bats
  3 giant cockroaches
  6 goblins
  7 hobgoblins
  5 kobolds
  10 rats
44 creatures vanquished.

Notes
Turn   | Place    | Note
-------+----------+-------------------------------------------
     0 | D:1      | Greboboi the Gnoll Wanderer began the quest for the Orb.
     0 | D:1      | Greboboi set off with the following items: a +0 hand
                  | crossbow, 25 bolts, a potion of lignification, a +0 robe, a
                  | ration; and the following spell memorised: Magic Dart; and
                  | the following spells available to memorise: Blink, Call
                  | Imp, Slow, Conjure Flame, Mephitic Cloud
     0 | D:1      | Reached XP level 1. HP: 20/20 MP: 4/4
    76 | D:1      | Reached XP level 2. HP: 17/26 MP: 5/5
   237 | D:1      | Reached XP level 3. HP: 31/31 MP: 7/7
   508 | D:1      | Reached skill level 1 in Invocations
  1069 | D:2      | Reached skill level 1 in Short Blades
  1069 | D:2      | Reached skill level 1 in Long Blades
  1069 | D:2      | Reached skill level 1 in Axes
  1069 | D:2      | Reached skill level 1 in Maces & Flails
  1069 | D:2      | Reached skill level 1 in Polearms
  1069 | D:2      | Reached skill level 1 in Staves
  1069 | D:2      | Reached skill level 1 in Slings
  1069 | D:2      | Reached skill level 1 in Bows
  1069 | D:2      | Reached skill level 1 in Throwing
  1069 | D:2      | Reached skill level 1 in Dodging
  1069 | D:2      | Reached skill level 1 in Unarmed Combat
  1069 | D:2      | Reached skill level 1 in Evocations
  1069 | D:2      | Reached XP level 4. HP: 38/38 MP: 8/8
  1606 | D:3      | Mangled by a gnoll

Levels and vault maps discovered:
D:1:      tarquinn_simple_flora_water_f, layout_basic, serial_park_tiny_2
D:2:      layout_basic, first_ration
D:3:      layout_basic, grunt_temple_overflow_open, dk_vineyard_1

Skill      XL: |  1  2  3  4 |
---------------+-------------+-----
Invocations    | 1 |  1.2
Short Blades   | 1 |  1.1
Long Blades    | 1 |  1.1
Axes           | 1 |  1.1
Maces & Flails | 1 |  1.1
Polearms       | 1 |  1.1
Staves         | 1 |  1.1
Slings         | 1 |  1.1
Bows           | 1 |  1.1
Throwing       | 1 |  1.1
Dodging        | 1 |  1.1
Unarmed Combat | 1 |  1.1
Evocations     | 1 |  1.1
Spellcasting   | 3 |  3.0
Fighting       | |  4.6
Crossbows      | |  4.6
Armour         | |  2.7
Stealth        | |  2.5
Shields        | |  2.7
Conjurations   | |  0.8
Hexes          | |  0.8
Charms         | |  0.8
Summonings     | |  0.8
Necromancy     | |  3.8
Translocations | |  0.8
Transmutations | |  0.8
Fire Magic     | |  0.8
Ice Magic      | |  0.8
Air Magic      | |  0.8
Earth Magic    | |  0.8
Poison Magic   | |  0.8

Action                   |  1- 3 |  4- 6 || total
-------------------------+-------+-------++-------
Melee: Hand crossbow     |       |     1 ||     1
       Punch             |       |     1 ||     1
 Fire: Hand crossbow     |    59 |    12 ||    71
  Eat: Ration            |       |     1 ||     1
Armor: Robe              |     1 |       ||     1
Dodge: Dodged            |     8 |     3 ||    11

Table legend:
 A = Non-vault XP
 B = Vault XP
 C = Vault XP percentage of total XP
 D = Non-vault monster count
 E = Vault monster count
 F = Vault count percentage of total count
                 A         B        C        D         E       F
            +---------+---------+-------+---------+---------+-------
      Total |     117 |       0 |   0.0 |      44 |       0 |   0.0
            +---------+---------+-------+---------+---------+-------
        D:1 |      71 |       0 |   0.0 |      33 |       0 |   0.0
        D:2 |      19 |       0 |   0.0 |       5 |       0 |   0.0
        D:3 |      27 |       0 |   0.0 |       6 |       0 |   0.0
            +---------+---------+-------+---------+---------+-------
